PBL
SOUTHERN MARYLAND BLUE CRABS @ DETROIT RED WINGS
06/08/2049
 
TOP OF THE 1ST
Southern Maryland Blue Crabs batting - Pitching for Detroit Red Wings : LHP Xi-tong Ku
Pitching: LHP Xi-tong Ku
Batting: LHB Stu Proulx 0-0: Ball
1-0: Swinging Strike
1-1: Ball
2-1: Ball
3-1: Base on Balls
Batting: RHB Oscar Chapa 0-0: Called Strike
0-1: Called Strike
0-2: Strikes out swinging
Batting: RHB Matt Wallace 0-0: Called Strike
0-1: Swinging Strike
0-2: Foul Ball, location: 2F
0-2: Ball
1-2: Ball
2-2: Foul Ball, location: 2F
2-2: Strikes out swinging
Batting: RHB Sam Parra 0-0: Called Strike
0-1: Fly out, F5 (Popup, 5SF, EV 86.9 MPH)
Top of the 1st over - 0 runs, 0 hits, 0 errors, 1 left on base; Southern Maryland 0 - Detroit 0
BOTTOM OF THE 1ST
Detroit Red Wings batting - Pitching for Southern Maryland Blue Crabs : LHP Tim Fraser
Pitching: LHP Tim Fraser
Batting: LHB Duda Pinho 0-0: Ball
1-0: Reached on error, E2 (Groundball, 13S, EV 67.5 MPH)
Batting: SHB Bill Casal 0-0: Ball
Duda Pinho is caught stealing 2nd base 2-4
1-0: Swinging Strike
1-1: Swinging Strike
1-2: Strikes out swinging
Batting: RHB António Scarlett 0-0: Ball
1-0: Ground out 5-3 (Groundball, 56, EV 91.9 MPH)
Bottom of the 1st over - 0 runs, 0 hits, 1 error, 0 left on base; Southern Maryland 0 - Detroit 0
TOP OF THE 2ND
Southern Maryland Blue Crabs batting - Pitching for Detroit Red Wings : LHP Xi-tong Ku
Batting: RHB Hsui-chen Yang 0-0: Called Strike
0-1: Called Strike
0-2: Strikes out swinging
Pitching: RHP Alvaro de la Paz
Batting: RHB Andy Valenzuela 0-0: Ball
1-0: Foul Ball, location: 2F
1-1: Fly out, F3 (Popup, 3, EV 67.5 MPH)
Batting: RHB John Lowe 0-0: SINGLE (Groundball, 25, EV 65.6 MPH) (infield hit)
Batting: SHB John Hiles 0-0: Ball
1-0: Called Strike
1-1: Swinging Strike
1-2: Strikes out swinging
Top of the 2nd over - 0 runs, 1 hit, 0 errors, 1 left on base; Southern Maryland 0 - Detroit 0
BOTTOM OF THE 2ND
Detroit Red Wings batting - Pitching for Southern Maryland Blue Crabs : LHP Tim Fraser
Batting: RHB Felipe Torres 0-0: Called Strike
0-1: Called Strike
0-2: Foul Ball, location: 2F
0-2: Strikes out swinging
Batting: RHB Harry Tugnut 0-0: Ball
1-0: SINGLE (Groundball, 6M, EV 96.2 MPH) (infield hit)
Batting: RHB Carlos Avila 0-0: Called Strike
0-1: Ball
1-1: DOUBLE (Flyball, 8RXD, EV 91.9 MPH)
Harry Tugnut to third
Runner from 3rd tries for Home, SAFE, no throw by CF
Batting: RHB Jason LeBlanc 0-0: Foul Ball, location: 2F
0-1: SINGLE (Flyball, 6D, EV 81.9 MPH)
Carlos Avila to third
Batting: LHB Manny Rangel 0-0: Ball
1-0: Fly out, F9 (Flyball, 9LM, EV 83.1 MPH)
Runner from 3rd tags up, SCORES, throw by RF
Batting: RHB Alejandro Tovar 0-0: Called Strike
0-1: Foul Ball, location: 2F
0-2: Foul Ball, location: 2F
0-2: Strikes out swinging
Bottom of the 2nd over - 2 runs, 3 hits, 0 errors, 1 left on base; Southern Maryland 0 - Detroit 2
TOP OF THE 3RD
Southern Maryland Blue Crabs batting - Pitching for Detroit Red Wings : RHP Alvaro de la Paz
Batting: RHB Josh Kurth 0-0: Called Strike
0-1: Ball
1-1: Ball
2-1: Swinging Strike
2-2: Foul Ball, location: 2F
2-2: Foul Ball, location: 2F
2-2: Ball
3-2: Strikes out swinging
Batting: LHB Stu Proulx 0-0: Ball
1-0: Swinging Strike
1-1: Ball
2-1: Called Strike
2-2: Ball
3-2: Base on Balls
Batting: RHB Oscar Chapa 0-0: Foul Ball, location: 2F
0-1: Foul Ball, location: 2F
0-2: Ball
1-2: Ball
2-2: Fielders Choice at 2nd, 5-4 (Groundball, 56, EV 98.8 MPH)
Batting: RHB Matt Wallace 0-0: Swinging Strike
0-1: Ball
Oscar Chapa steals 2nd base
1-1: Swinging Strike
1-2: Foul Ball, location: 2F
1-2: Ball
2-2: Foul Ball, location: 2F
2-2: Strikes out swinging
Top of the 3rd over - 0 runs, 0 hits, 0 errors, 1 left on base; Southern Maryland 0 - Detroit 2
BOTTOM OF THE 3RD
Detroit Red Wings batting - Pitching for Southern Maryland Blue Crabs : LHP Tim Fraser
Batting: LHB Duda Pinho 0-0: Swinging Strike
0-1: Ball
1-1: Called Strike
1-2: Ball
2-2: Strikes out looking
Batting: SHB Bill Casal 0-0: Ball
1-0: Called Strike
1-1: Swinging Strike
1-2: Foul Ball, location: 2F
1-2: Ball
2-2: Strikes out looking
Batting: RHB António Scarlett 0-0: Foul Ball, location: 2F
0-1: SINGLE (Groundball, 34D, EV 105.6 MPH)
Batting: RHB Felipe Torres 0-0: Foul Ball, location: 2F
0-1: Swinging Strike
0-2: Ball
1-2: SINGLE (Flyball, 8LS, EV 91.9 MPH)
António Scarlett to second
Runner from 2nd tries for 3rd, SAFE, no throw by CF
Batting: RHB Harry Tugnut 0-0: Ball
1-0: Ball
2-0: Called Strike
2-1: Ball
3-1: Foul Ball, location: 2F
3-2: Foul Ball, location: 2F
3-2: Foul Ball, location: 2F
3-2: Base on Balls
Felipe Torres to second
Batting: RHB Carlos Avila 0-0: Foul Ball, location: 2F
0-1: SINGLE (Flyball, 34D, EV 92.5 MPH)
António Scarlett scores
Felipe Torres to third
Harry Tugnut to second
Runner from 3rd tries for Home, SAFE, throw by RF to home
Batting: RHB Jason LeBlanc 0-0: Ball
1-0: Ball
2-0: Foul Ball, location: 2F
2-1: SINGLE (Groundball, 56D, EV 104.4 MPH)
Harry Tugnut to third
Carlos Avila to second
Runner from 3rd tries for Home, throw by LF and OUT! 7-2
Bottom of the 3rd over - 2 runs, 4 hits, 0 errors, 2 left on base; Southern Maryland 0 - Detroit 4
TOP OF THE 4TH
Southern Maryland Blue Crabs batting - Pitching for Detroit Red Wings : RHP Alvaro de la Paz
Batting: RHB Sam Parra 0-0: Ball
1-0: Foul Ball, location: 2F
1-1: Foul Ball, location: 2F
1-2: Ball
2-2: Fly out, F9 (Flyball, 9, EV 92.5 MPH)
Batting: RHB Hsui-chen Yang 0-0: Ball
1-0: Called Strike
1-1: Swinging Strike
1-2: Ground out U3 (Groundball, 3S, EV 83.1 MPH)
Batting: RHB Andy Valenzuela 0-0: Called Strike
0-1: Ball
1-1: Swinging Strike
1-2: Ball
2-2: Strikes out looking
Top of the 4th over - 0 runs, 0 hits, 0 errors, 0 left on base; Southern Maryland 0 - Detroit 4
BOTTOM OF THE 4TH
Detroit Red Wings batting - Pitching for Southern Maryland Blue Crabs : LHP Tim Fraser
Batting: LHB Manny Rangel 0-0: Ball
1-0: Called Strike
1-1: Called Strike
1-2: Strikes out swinging
Batting: RHB Alejandro Tovar 0-0: Called Strike
0-1: Ball
1-1: Foul Ball, location: 2F
1-2: Ball
2-2: Ball
3-2: Base on Balls
Batting: LHB Duda Pinho 0-0: Ball
1-0: Fly out, F7 (Flyball, 7D, EV 80.6 MPH)
Batting: SHB Bill Casal 0-0: Ground out 1-3 (Groundball, 25, EV 68.1 MPH)
Bottom of the 4th over - 0 runs, 0 hits, 0 errors, 1 left on base; Southern Maryland 0 - Detroit 4
TOP OF THE 5TH
Southern Maryland Blue Crabs batting - Pitching for Detroit Red Wings : RHP Alvaro de la Paz
Batting: RHB John Lowe 0-0: Fly out, F8 (Line Drive, 8LM, EV 93.1 MPH)
Batting: SHB John Hiles 0-0: Ball
1-0: Called Strike
1-1: Fly out, F5 (Line Drive, 5D, EV 70.0 MPH)
Batting: RHB Josh Kurth 0-0: Foul Ball, location: 2F
0-1: Ball
1-1: Foul Ball, location: 2F
1-2: Ball
2-2: Ball
3-2: Strikes out looking
Top of the 5th over - 0 runs, 0 hits, 0 errors, 0 left on base; Southern Maryland 0 - Detroit 4
BOTTOM OF THE 5TH
Detroit Red Wings batting - Pitching for Southern Maryland Blue Crabs : LHP Tim Fraser
Batting: RHB António Scarlett 0-0: Called Strike
0-1: Foul Ball, location: 2F
0-2: Ball
1-2: Ball
2-2: DOUBLE (Line Drive, 89D, EV 104.4 MPH)
Batting: RHB Felipe Torres 0-0: Fly out, F7 (Flyball, 7, EV 83.8 MPH)
Batting: RHB Harry Tugnut 0-0: Ball
1-0: Ball
2-0: Fly out, F7 (Flyball, 78M, EV 90.0 MPH)
Batting: RHB Carlos Avila 0-0: Called Strike
0-1: Ground out 6-3 (Groundball, 6, EV 86.9 MPH)
Bottom of the 5th over - 0 runs, 1 hit, 0 errors, 1 left on base; Southern Maryland 0 - Detroit 4
TOP OF THE 6TH
Southern Maryland Blue Crabs batting - Pitching for Detroit Red Wings : RHP Alvaro de la Paz
Pitching: RHP Joshua Wilson
Batting: LHB Stu Proulx 0-0: Ball
1-0: Called Strike
1-1: Called Strike
1-2: Ball
2-2: Ball
3-2: Strikes out swinging
Batting: RHB Oscar Chapa 0-0: DOUBLE (Line Drive, 78M, EV 93.8 MPH)
Batting: RHB Matt Wallace 0-0: Called Strike
0-1: Called Strike
0-2: Strikes out swinging
Batting: RHB Sam Parra 0-0: Called Strike
0-1: Fly out, F9 (Flyball, 89D, EV 91.2 MPH)
Top of the 6th over - 0 runs, 1 hit, 0 errors, 1 left on base; Southern Maryland 0 - Detroit 4
BOTTOM OF THE 6TH
Detroit Red Wings batting - Pitching for Southern Maryland Blue Crabs : LHP Tim Fraser
Batting: RHB Jason LeBlanc 0-0: Ball
1-0: Swinging Strike
1-1: Swinging Strike
1-2: Strikes out swinging
Batting: LHB Manny Rangel 0-0: Ball
1-0: Ball
2-0: Ball
3-0: Called Strike
3-1: Called Strike
3-2: Strikes out swinging
Batting: RHB Alejandro Tovar 0-0: Ball
1-0: Swinging Strike
1-1: Swinging Strike
1-2: Strikes out swinging
Bottom of the 6th over - 0 runs, 0 hits, 0 errors, 0 left on base; Southern Maryland 0 - Detroit 4
TOP OF THE 7TH
Southern Maryland Blue Crabs batting - Pitching for Detroit Red Wings : RHP Joshua Wilson
Batting: RHB Hsui-chen Yang 0-0: Called Strike
0-1: Foul Ball, location: 2F
0-2: Foul Ball, location: 2F
0-2: Strikes out swinging
Batting: RHB Andy Valenzuela 0-0: Called Strike
0-1: Called Strike
0-2: Strikes out looking
Batting: RHB John Lowe 0-0: Swinging Strike
0-1: Foul Ball, location: 2F
0-2: Strikes out swinging
Top of the 7th over - 0 runs, 0 hits, 0 errors, 0 left on base; Southern Maryland 0 - Detroit 4
BOTTOM OF THE 7TH
Detroit Red Wings batting - Pitching for Southern Maryland Blue Crabs : LHP Tim Fraser
Batting: LHB Duda Pinho 0-0: Called Strike
0-1: Ball
1-1: Ball
2-1: Ball
3-1: Base on Balls
Batting: SHB Bill Casal 0-0: Ball
Duda Pinho steals 2nd base (no throw)
1-0: Called Strike
1-1: Swinging Strike
1-2: Ball
2-2: Strikes out swinging
Batting: RHB António Scarlett 0-0: Foul Ball, location: 2F
0-1: Ball
1-1: Ball
2-1: Ball
3-1: Foul Ball, location: 2F
3-2: Base on Balls
Pitching: RHP Steve Brulhart
Batting: RHB Felipe Torres 0-0: Ball
1-0: Ball
2-0: Ball
3-0: Called Strike
3-1: Called Strike
3-2: Strikes out swinging
Batting: RHB Harry Tugnut 0-0: Ball
1-0: Ball
2-0: Ball
3-0: Called Strike
3-1: Base on Balls
Duda Pinho to third
António Scarlett to second
Batting: RHB Carlos Avila 0-0: Called Strike
0-1: Fly out, F7 (Flyball, 7D, EV 98.1 MPH)
Bottom of the 7th over - 0 runs, 0 hits, 0 errors, 3 left on base; Southern Maryland 0 - Detroit 4
TOP OF THE 8TH
Southern Maryland Blue Crabs batting - Pitching for Detroit Red Wings : RHP Joshua Wilson
Batting: SHB John Hiles 0-0: Ball
1-0: Ball
2-0: SINGLE (Groundball, 34S, EV 73.1 MPH) (infield hit)
Batting: RHB Eddie Morin 0-0: Foul Ball, location: 2F
0-1: Foul Ball, location: 2F
0-2: Foul Ball, location: 2F
0-2: Ball
1-2: Ball
2-2: Strikes out swinging
Pitching: LHP Jayden Carter
Batting: LHB Stu Proulx 0-0: Called Strike
0-1: Ball
1-1: Fly out, F4 (Popup, 4, EV 60.6 MPH)
Batting: RHB Oscar Chapa 0-0: Ball
1-0: Called Strike
1-1: Foul Ball, location: 2F
1-2: Strikes out swinging
Top of the 8th over - 0 runs, 1 hit, 0 errors, 1 left on base; Southern Maryland 0 - Detroit 4
BOTTOM OF THE 8TH
Detroit Red Wings batting - Pitching for Southern Maryland Blue Crabs : RHP Steve Brulhart
Batting: RHB Jason LeBlanc 0-0: Called Strike
0-1: Ball
1-1: Ball
2-1: Ball
3-1: Foul Ball, location: 2F
3-2: Strikes out swinging
Batting: LHB Manny Rangel 0-0: Called Strike
0-1: Called Strike
0-2: Strikes out swinging
Batting: RHB Mike Dyck 0-0: Ball
1-0: Ball
2-0: Foul Ball, location: 2F
2-1: Foul Ball, location: 2F
2-2: Foul Ball, location: 2F
2-2: Strikes out swinging
Bottom of the 8th over - 0 runs, 0 hits, 0 errors, 0 left on base; Southern Maryland 0 - Detroit 4
TOP OF THE 9TH
Southern Maryland Blue Crabs batting - Pitching for Detroit Red Wings : LHP Jayden Carter
Batting: RHB Matt Wallace 0-0: Ball
1-0: Ball
2-0: Ball
3-0: Called Strike
3-1: Foul Ball, location: 2F
3-2: Ground out 5-3 (Groundball, 56, EV 106.2 MPH)
Pinch Hitting: RHB Imbart van Rens 0-0: Ball
1-0: Ball
2-0: Ball
3-0: Base on Balls
Batting: RHB Hsui-chen Yang 0-0: Called Strike
0-1: Called Strike
0-2: SINGLE (Flyball, 5D, EV 99.4 MPH)
Imbart van Rens to second
Pitching: RHP Sean Arnold
Pinch Hitting: RHB Mike King 0-0: Called Strike
0-1: Foul Ball, location: 2F
0-2: Strikes out swinging
Batting: RHB John Lowe 0-0: SINGLE (Line Drive, 4MD, EV 101.9 MPH)
Imbart van Rens to third
Hsui-chen Yang to second
Batting: SHB John Hiles 0-0: Ball
1-0: Called Strike
1-1: Called Strike
1-2: Ball
2-2: Foul Ball, location: 2F
2-2: Foul Ball, location: 2F
2-2: Strikes out looking
Top of the 9th over - 0 runs, 2 hits, 0 errors, 3 left on base; Southern Maryland 0 - Detroit 4
Sunday, July 16th , 2023 - OOTP Baseball 24.6 Build 69